 Dungeon Crawl Stone Soup version 0.31-a0-1127-ge7b2bba (webtiles) character file.

Game seed: 16537422273385612771

686 Archie the Sneak (level 7, -1/58 HPs)
             Began as a Purple Draconian Brigand on Dec 4, 2023.
             Was a Follower of Makhleb.
             Slain by a yak (5 damage)
             ... on level 3 of the Dungeon.
             The game lasted 00:37:25 (2821 turns).

Archie the Sneak (Purple Draconian Brigand)         Turns: 2821, Time: 00:37:25

Health: -1/58      AC:  7    Str: 15    XL:     7   Next: 35%
Magic:  7/7        EV: 12    Int: 11    God:    Makhleb [*.....]
Gold:   224        SH:  0    Dex: 13    Spells: 6/6 levels left

rFire   . . .        r - +2 short sword (elec)
rCold   . . .        (no shield)
rNeg    . . .        (body armour unavailable)
rPois   .            (helmet restricted)
rElec   .            b - +0 cloak
rCorr   .            (no gloves)
SInv    .            (no boots)
Will    +....        (no amulet)
Stlth   +++          (no ring)
HPRegen 0.29/turn    (no ring)
MPRegen 0.10/turn

%: no passive effects
@: no status effects
A: breathe power, AC +6, unfitting armour, cold-blooded
a: Breathe Dispelling Energy, Renounce Religion


You were on level 3 of the Dungeon.
You worshipped Makhleb.
Makhleb was aware of your devotion.
You visited 1 branch of the dungeon, and saw 4 of its levels.

You collected 224 gold pieces.

Inventory:

Hand Weapons
 a - a +2 dagger
 g - a +0 dagger
 i - a +0 short sword
 j - a +0 whip
 k - a +0 club
 m - a +0 dagger
 n - a +0 dagger
 o - a +0 whip
 r - a +2 short sword of electrocution (weapon)
 s - a +0 dagger
 t - a +0 club
 u - a +0 dagger
 v - a +0 spear
 y - a +1 dagger of holy wrath
Missiles
 c - 3 poisoned darts (quivered)
 d - 3 curare-tipped darts
 p - 2 datura-tipped darts
 x - 18 stones
Armour
 b - a +0 cloak (worn)
 q - a +0 helmet
 z - a +0 leather armour
 C - a +1 leather armour of fire resistance
Scrolls
 w - 3 scrolls of identify {unknown}
 B - a scroll of immolation
 D - 2 scrolls of fog {unknown}
 G - a scroll of enchant armour {unknown}
Potions
 e - 2 potions of berserk rage {unknown}
 f - a potion of lignification {unknown}
 h - a potion of attraction {unknown}
 l - 2 potions of invisibility {unknown}
 A - a potion of curing {unknown}
 E - a potion of degeneration {unknown}
 F - a potion of magic {unknown}


   Skills:
 + Level 3.7 Fighting
 + Level 5.0 Short Blades
 + Level 3.2 Throwing
 + Level 2.8 Dodging
 + Level 5.3 Stealth


You had 6 spell levels left.
You didn't know any spells.
Your spell library contained the following spells:

 Spells                   Type           Power      Damage    Failure   Level
 Shock                    Conj/Air       0%         1d3       34%         1
 Call Canine Familiar     Summ           0%         N/A       71%         3
 Sigil of Binding         Hex            0%         N/A       71%         3
 Swiftness                Air            0%         N/A       71%         3
 Tukima's Dance           Hex            0%         N/A       71%         3
 Airstrike                Air            0%         2d(0-16)  98%         4
 Dimensional Bullseye     Hex/Tloc       0%         N/A       98%         4
 Iskenderun's Mystic Bla  Conj/Tloc      0%         2d3       98%         4
 Leda's Liquefaction      Hex/Erth       0%         N/A       98%         4


Dungeon Overview and Level Annotations

Branches:
Dungeon (4/15)
 Temple: D:4-7

Altars:
Dithmenos
Makhleb

Shops:
D:1 =   D:3 [


Innate Abilities, Weirdness & Mutations

You can breathe bolts of dispelling energy.
Your rich purple scales are hard. (AC +6)
You cannot fit into any form of body armour.
You are cold-blooded and may be slowed by cold attacks.


Message History

You hit the yak. Lightning courses through the yak!!
The yak is almost dead.
The yak gores you. The yak gores you!
* * * LOW HITPOINT WARNING * * *
The yak barely misses you. The yak barely misses you.
There is a stone staircase leading up here.
The yak barely misses you.
You climb upwards.
There is a stone staircase leading down here.
Throw: 5 darts (poison)
Press: ? - help, Q - select action, (/) - cycle Shift-Dir - straight line, f - yak
Aim: a yak (almost dead, 68% to hit)
You throw a poisoned dart.
The poisoned dart barely misses the yak.
The poisoned dart closely misses the yak.
The yak misses you.
Throw: 4 darts (poison)
Press: ? - help, Q - select action, (/) - cycle Shift-Dir - straight line, f/p - yak
Aim: a yak (almost dead, 68% to hit)
You throw a poisoned dart. The poisoned dart hits the yak.
The yak is poisoned.
The yak is almost dead.
You kill the yak!
Makhleb accepts your kill.
You feel better.
Your Short Blades skill increases to level 5!
You hit the yak.
Your tail-slap misses the yak.
The yak is lightly wounded.
You hit the yak. Lightning courses through the yak!
The yak is heavily wounded.
The yak misses you.
You hit the yak.
The yak is severely wounded.
The yak gores you!
* * * LOW HITPOINT WARNING * * *
You hit the yak but do no damage.
You tail-slap the yak, but do no damage.
The yak is severely wounded.
The yak gores you.
You die...

#.##.#.##.##..##(...#.###.# #.#
#.#.......#.###.......# #.#####..
#.####....##..##..#.#####........
#.#.######.###.#.##..............
..#.### ### ##.#######.........
###...# #.###......# #.########
.##.#.# #..##>###.# #.# #.....
.##.#.# ###.#Y# #.# #.# #.###.
.##.#.# ##..##@# #.# #.###.# #.
.##.#.# #.####.###.# #.....# #.
...∩#.# ###..##.....# ####### #.
#####.####.###.####### #.
#........#..## #. #.#.####....#
## #.#....###### #.####.#
#.####.#


You could see a yak.

Vanquished Creatures
  Sigmund (D:2)
  2 yaks
  Jessica (D:3)
  4 orc wizards (D:3)
  Robin (D:2)
  2 adders
  2 worms (D:2)
  2 dart slugs (D:1)
  2 orcs
  4 bats
  5 endoplasms
  2 giant cockroaches
  15 goblins
  11 hobgoblins
  2 quokkas
  2 ball pythons
  5 frilled lizards
  6 kobolds
  2 rats
71 creatures vanquished.

Notes
Turn   | Place    | Note
-------+----------+-------------------------------------------
     0 | D:1      | Archie the Draconian Brigand began the quest for the Orb.
     0 | D:1      | Reached XP level 1. HP: 17/17 MP: 1/1
    87 | D:1      | Reached XP level 2. HP: 24/25 MP: 2/2
   471 | D:1      | Found Wofarejy's Jewellery Boutique.
   510 | D:1      | Reached skill level 1 in Dodging
   533 | D:1      | Reached XP level 3. HP: 10/30 MP: 3/3
   971 | D:2      | Noticed Robin
   982 | D:2      | Killed Robin
  1029 | D:2      | Reached XP level 4. HP: 13/37 MP: 4/4
  1271 | D:2      | Noticed Sigmund
  1283 | D:2      | Killed Sigmund
  1284 | D:2      | Reached XP level 5. HP: 45/45 MP: 5/5
  1531 | D:2      | Found a faded altar of an unknown god.
  1535 | D:2      | Prayed at the altar of an unknown god.
  1535 | D:2      | Became a worshipper of Makhleb the Destroyer
  1535 | D:2      | Reached * piety under Makhleb
  1846 | D:3      | Found a shadowy altar of Dithmenos.
  1870 | D:3      | Reached XP level 6. HP: 51/51 MP: 6/6
  2119 | D:3      | Noticed Jessica
  2129 | D:3      | Killed Jessica
  2201 | D:3      | Found Elaghiuh's Armour Emporium.
  2772 | D:3      | Upgraded the game from 0.31-a0-1117-g67c613c to
                  | 0.31-a0-1127-ge7b2bba
  2791 | D:4      | Noticed a yak
  2794 | D:4      | Noticed a yak
  2794 | D:4      | Noticed a yak
  2794 | D:4      | Noticed a yak
  2804 | D:4      | Killed a yak
  2805 | D:4      | Reached skill level 5 in Stealth
  2805 | D:4      | Your scales start taking on a rich purple colour.
  2805 | D:4      | Reached XP level 7. HP: 44/57 MP: 7/7
  2816 | D:3      | Killed a yak
  2817 | D:3      | Reached skill level 5 in Short Blades
  2821 | D:3      | Slain by a yak

Illustrated notes

Levels and vault maps discovered:
D:1:      onia_arrival_pyramid, layout_basic, serial_shops, shop, st_stairs_5
D:2:      layout_loops_ring, hellmonk_ecumenical_altar_inner_sanctum,
          minmay_tetromino_i4, uniq_robin, uniq_sigmund
D:3:      layout_basic, grunt_dithmenos_smoke, serial_shops, shop,
          grunt_decor_resistance, uniq_jessica
D:4:      layout_loops_ring, temple_fountains, serial_shops, shop_statue

Skill      XL: |  1  2  3  4  5  6  7 |
---------------+----------------------+-----
Stealth        | 4 5 |  5.3
Throwing       | 2 3 |  3.2
Dodging        | 1 2 |  2.8
Fighting       | 3 |  3.7
Short Blades   | 3 4 5 |  5.0

Action                     |  1- 3 |  4- 6 |  7- 9 || total
---------------------------+-------+-------+-------++-------
  Melee: Dagger            |    44 |       |       ||    44
         Tailslap          |     7 |     9 |     1 ||    17
         Short sword       |    48 |    91 |     9 ||   148
         Punch             |       |       |     1 ||     1
  Throw: Dart              |    31 |     8 |     2 ||    41
    Use: Scroll            |     2 |       |       ||     2
   Stab: Sleeping          |     2 |     7 |       ||     9
         Distracted        |       |     1 |       ||     1
 Armour: Skin              |    84 |    42 |    11 ||   137
  Dodge: Dodged            |    84 |    46 |     7 ||   137

Table legend: (Time is in decaauts)
 A = Elapsed time spent in this place.
 B = Non-inter-level travel time spent in this place.
 C = Inter-level travel time spent in this place.
 D = Time resting spent in this place.
 E = Time spent auto-exploring this place.
 F = Levels seen in this place.
 G = Mean time per level.
                   A        B        C        D        E       F      G
               +--------+--------+--------+--------+--------+-----+--------+
         Total |   2792 |    685 |   2107 |      0 |     45 |   4 |  698.0 |
       Dungeon |   2792 |    685 |   2107 |      0 |     45 |   4 |  698.0 |
               +--------+--------+--------+--------+--------+-----+--------+

Top non-repeatable levels by time:
     D:3: 1019 daAuts
     D:1: 1005 daAuts
     D:2: 749 daAuts
     D:4: 18 daAuts
